 Dungeon Crawl Stone Soup version 0.30-a0-939-gc8157cb160 (webtiles) character file.

Game seed: 16476777311141568058

1582 MacCMillion the Cleaver (level 8, -2/68 HPs)
             Began as a Minotaur Fighter on Mar 24, 2023.
             Was an Initiate of Makhleb.
             Slain by an orc warrior
             ... wielding a +0 dire flail of venom
              (11 damage)
             ... on level 7 of the Dungeon on Mar 25, 2023.
             The game lasted 00:09:33 (7148 turns).

MacCMillion the Cleaver (Minotaur Fighter)          Turns: 7148, Time: 00:09:34

Health: -2/68      AC:  9    Str: 22    XL:     8   Next: 60%
Magic:  7/7        EV: 10    Int:  5    God:    Makhleb [......]
Gold:   378        SH:  5    Dex: 11    Spells: 7/7 levels left

rFire   . . .      SeeInvis +    F - +3 hand axe
rCold   . . .      Faith    .    c - +0 buckler
rNeg    + . .      Spirit   .    D - +2 scale mail {rN+}
rPois   .          Reflect  .    (helmet restricted)
rElec   .          Rampage  .    (no cloak)
rCorr   .                        (no gloves)
Will    .....                    (no boots) Stlth
                                 (no amulet)
HPRegen 0.31/turn                v - ring of see invisible
MPRegen 0.10/turn                (no ring)

@: lethally poisoned (-2 -> -8)
A: horns 2, retaliatory headbutt
a: Renounce Religion


You were on level 7 of the Dungeon.
You worshipped Makhleb.
Makhleb was noncommittal.
You visited 2 branches of the dungeon, and saw 8 of its levels.

You collected 378 gold pieces.

Inventory:

Hand Weapons
 a - a +0 war axe
 F - a +3 hand axe (weapon)
Missiles
 w - 6 atropa-tipped darts (quivered)
 A - a boomerang
Armour
 b - a +0 scale mail
 c - a +0 buckler (worn)
 D - a +2 scale mail of positive energy (worn)
Jewellery
 v - a ring of see invisible (left hand)
 x - a ring of poison resistance
 y - a ring of flight
Wands
 q - a wand of charming (3)
 r - a wand of iceblast (15)
Scrolls
 e - a scroll of vulnerability {unknown}
 f - 5 scrolls of teleportation {unknown}
 g - 9 scrolls of identify {unknown}
 h - 2 scrolls of butterflies {unknown}
 l - a scroll of noise {unknown}
 p - a scroll of fear {unknown}
 t - a scroll of magic mapping {unknown}
 u - a scroll of enchant weapon {unknown}
 z - a scroll of amnesia {unknown}
 C - a scroll of enchant armour {unknown}
 E - a scroll of poison {unknown}
Potions
 d - a potion of might
 i - 2 potions of degeneration {unknown}
 j - a potion of lignification {unknown}
 k - a potion of curing
 m - 3 potions of mutation {unknown}
 n - 2 potions of attraction {unknown}
 o - a potion of magic {unknown}
 s - 2 potions of brilliance {unknown}
 B - a potion of flight {unknown}


   Skills:
 + Level 5.0 Fighting
 + Level 10.5 Axes
 + Level 5.0 Armour
 + Level 2.5 Dodging
 - Level 5.0 Shields
 - Level 3.0 Evocations


You had 7 spell levels left.
You didn't know any spells.
Your spell library contained the following spells:

 Spells                   Type           Power      Damage    Failure   Level
 Beastly Appendage        Tmut           0%         N/A       86%         1
 Sublimation of Blood     Necr           0%         N/A       95%         2
 Wereblood                Tmut           0%         N/A       95%         2
 Spider Form              Tmut/Pois      0%         N/A       99%         3
 Petrify                  Tmut/Erth      0%         N/A       100%        4
 Irradiate                Conj/Tmut      0%         3d11      100%        5
 Conjure Ball Lightning   Conj/Air       0%         3x3d6     100%        6
 Discord                  Hex            0%         N/A       100%        8
 Disjunction              Tloc           0%         N/A       100%        8


Dungeon Overview and Level Annotations

Branches:
Dungeon (7/15)             Temple (1/1) D:7

Altars:
Ashenzari
Cheibriados
Dithmenos
Elyvilon
Fedhas
Gozag
Hepliaklqana
Kikubaaqudgha
Makhleb
Nemelex Xobeh
Okawaru
Ru
Trog
Vehumet
Wu Jian
Yredelemnul
The Shining One


Innate Abilities, Weirdness & Mutations

You have a pair of horns on your head.
You reflexively headbutt those who attack you in melee.


Message History

The orc warrior is heavily wounded.
You closely miss the orc.
You feel sick. You block the orc's attack. You block the orc warrior's attack.
You hit the orc warrior.
You headbutt the orc warrior, but do no damage.
The orc warrior is severely wounded.
You hit the orc.
You kill the orc!
Makhleb accepts your kill.
You feel sick.
The orc warrior hits you with a +0 dire flail of venom.
You are more poisoned.
You hit the orc warrior but do no damage.
The orc warrior is severely wounded.
You feel very sick.
The orc warrior hits you with a +0 dire flail of venom!
* * * LOW HITPOINT WARNING * * *
You are more poisoned.
It was a potion of curing.
You feel better.
The orc warrior hits you but does no damage.
You slash the orc warrior!
The orc warrior is almost dead.
You completely miss the orc warrior.
The orc warrior is almost dead.
The orc warrior closely misses you.
You hit the orc warrior but do no damage.
The orc warrior is almost dead.
The orc warrior hits you with a +0 dire flail of venom!
* * * LOW HITPOINT WARNING * * *
You are lethally poisoned!
You feel better.
The orc warrior hits you with a +0 dire flail of venom.
* * * LOW HITPOINT WARNING * * *
You are poisoned.
You hit the orc warrior but do no damage.
Your headbutt misses the orc warrior.
The orc warrior is almost dead.
You feel sick.
The orc warrior hits you with a +0 dire flail of venom!
You die...

##..## #...####
######..## #....###
###...###..####......
##.)....###..###..####
#..####..##....####
##.## ##......## #..##
##....## ##..## ##..##
##.@# #### ##o)# ##...
#.... ...... ......
..... #####


You could see an orc warrior.

Vanquished Creatures
  Menkaure (D:6)
  A black bear (D:6)
  2 sky beasts (D:6)
  2 ice beasts
  4 ogres
  A gnoll sergeant (D:6)
  2 scorpions
  2 howler monkeys (D:5)
  A jelly (D:6)
  2 orc priests
  2 iguanas
  2 orc wizards
  12 gnolls
  2 adders
  3 white imps
  A worm (D:3)
  17 orcs
  4 endoplasms
  A giant cockroach (D:1)
  9 goblins
  8 hobgoblins
  6 kobolds
  7 quokkas
  4 ball pythons
  6 bats
  4 frilled lizards
  9 rats
  A butterfly (D:4)
116 creatures vanquished.

Vanquished Creatures (others)
  6 plants
6 creatures vanquished.

Grand Total: 122 creatures vanquished

Notes
Turn   | Place    | Note
-------+----------+-------------------------------------------
     0 | D:1      | MacCMillion the Minotaur Fighter began the quest for the
                  | Orb.
     0 | D:1      | Reached XP level 1. HP: 19/19 MP: 0/0
    32 | D:1      | Found a faded altar of an unknown god.
   154 | D:1      | Found Jocitias's Distillery.
   336 | D:1      | Reached XP level 2. HP: 26/26 MP: 1/1
   376 | D:1      | Reached skill level 3 in Axes
   817 | D:1      | Reached XP level 3. HP: 31/31 MP: 2/2
   999 | D:2      | Found a broken altar of Ashenzari.
  1382 | D:3      | Upgraded the game from 0.30-a0-936-ge0d47acfc0 to
                  | 0.30-a0-939-gc8157cb160
  1417 | D:3      | Reached skill level 4 in Axes
  1417 | D:3      | Reached skill level 5 in Shields
  1417 | D:3      | Reached XP level 4. HP: 25/39 MP: 3/3
  1482 | D:3      | Noticed a scorpion
  1495 | D:3      | Killed a scorpion
  1496 | D:3      | Reached skill level 5 in Axes
  1496 | D:3      | Reached XP level 5. HP: 30/45 MP: 4/4
  2072 | D:4      | Reached skill level 6 in Axes
  2471 | D:4      | Reached XP level 6. HP: 40/51 MP: 5/5
  2562 | D:4      | Reached skill level 7 in Axes
  2876 | D:5      | Entered Level 5 of the Dungeon
  2943 | D:5      | Noticed an ice beast
  3138 | D:5      | Killed an ice beast
  3139 | D:5      | Reached skill level 8 in Axes
  3448 | D:5      | Reached XP level 7. HP: 52/57 MP: 6/6
  3717 | D:5      | Reached skill level 9 in Axes
  4281 | D:6      | Noticed Menkaure
  4290 | D:6      | Killed Menkaure
  4401 | D:6      | Reached skill level 10 in Axes
  4426 | D:6      | Reached skill level 1 in Evocations
  5202 | D:6      | Reached XP level 8. HP: 53/66 MP: 7/7
  5457 | D:6      | Reached skill level 1 in Dodging
  6727 | D:7      | Found a staircase to the Ecumenical Temple.
  6830 | Temple   | Entered the Ecumenical Temple
  6837 | Temple   | Became a worshipper of Makhleb the Destroyer
  7072 | D:7      | Reached skill level 5 in Fighting
  7072 | D:7      | Reached skill level 5 in Armour
  7148 | D:7      | Slain by an orc warrior

Illustrated notes

Levels and vault maps discovered:
D:1:      heliophobic_arrival_henge, layout_loops_corners,
          hellmonk_ecumenical_altar_crossroads, serial_shops, shop,
          serial_bayou_lagoon_b
D:2:      layout_rooms, basic_altar, minmay_misc_feat_five
D:3:      layout_rooms
D:4:      layout_cave_pools, hangedman_glass_garden
D:5:      layout_cave_pools, serial_co_window_serial, co_window_corner_a,
          co_window_paths_a, co_window_of_opportunity_a,
          co_window_of_opportunity_a, co_window_of_opportunity_a,
          co_window_corner_a, co_window_paths_a, co_window_paths_a,
          co_window_of_opportunity_a, co_window_of_opportunity_c,
          co_window_corner_ca, co_window_2corner, co_window_corner_b,
          co_window_unsneaky_path_b, co_window_broadway_a, co_window_4corner_a,
          glass_columns_c, glass_columns_a, glass_columns_c, glass_columns_b,
          feat_on_display
D:6:      layout_loops_ring, uniq_menkaure
D:7:      layout_layer_cave, minmay_temple_entry_statues_fountains
Temple:   sentei_temple_godly_chess

Skill      XL: |  1  2  3  4  5  6  7  8 |
---------------+-------------------------+-----
Shields        | 4 5 |  5.0
Axes           | 3 4 5 6 8 10 | 10.5
Armour         | 4 5 |  5.0
Evocations     | 2 3 |  3.0
Fighting       | 5 |  5.0
Dodging        | 2 |  2.5

Action                     |  1- 3 |  4- 6 |  7- 9 || total
---------------------------+-------+-------+-------++-------
  Melee: War axe           |    94 |   102 |   104 ||   300
         Headbutt          |     7 |    14 |    22 ||    43
         Hand axe          |       |       |    24 ||    24
  Throw: Throwing net      |       |       |     1 ||     1
    Use: Potion            |       |       |     2 ||     2
 Armour: Scale mail        |    48 |    27 |    21 ||    96
  Dodge: Dodged            |    43 |    25 |    43 ||   111
  Block: Buckler           |    28 |    18 |    20 ||    66

Table legend: (Time is in decaauts)
 A = Elapsed time spent in this place.
 B = Non-inter-level travel time spent in this place.
 C = Inter-level travel time spent in this place.
 D = Time resting spent in this place.
 E = Time spent auto-exploring this place.
 F = Levels seen in this place.
 G = Mean time per level.
                   A        B        C        D        E       F      G
               +--------+--------+--------+--------+--------+-----+--------+
         Total |   7234 |   7060 |    174 |   2201 |   3811 |   8 |  904.2 |
       Dungeon |   7222 |   7048 |    174 |   2201 |   3811 |   7 | 1031.7 |
        Temple |     11 |     11 |      0 |      0 |      0 |   1 |   11.0 |
               +--------+--------+--------+--------+--------+-----+--------+

Top non-repeatable levels by time:
     D:5: 2025 daAuts
     D:6: 1534 daAuts
     D:1: 1007 daAuts
     D:4: 937 daAuts
     D:7: 704 daAuts
     D:3: 576 daAuts
     D:2: 437 daAuts
  Temple: 11 daAuts
